 Dungeon Crawl Stone Soup version 0.20-a0-899-g09a9bfb (webtiles) character file.

102 4thArraOfDagon the Slasher (level 4, -2/34 HPs)
             Began as a Vampire Gladiator on Mar 18, 2017.
             Was a Believer of Vehumet.
             Slain by an orc (3 damage)
             ... on level 3 of the Dungeon.
             The game lasted 00:03:30 (792 turns).

4thArraOfDagon the Slasher (Vampire Gladiator)       Turns: 792, Time: 00:03:31

Health: -2/34      AC: 10    Str: 13    XL:     4   Next: 50%
Magic:  4/4        EV:  7    Int: 11    God:    Vehumet [**....]
Gold:   71         SH:  0    Dex: 15    Spells: 3/3 levels left

rFire    . . .     SeeInvis +   a - +0 long sword
rCold    + . .     Gourm    .   g - +1 chain mail {rC+}
rNeg     . . .     Faith    .   (no shield)
rPois    +         Spirit   .   c - +0 helmet
rElec    .         Reflect  .   (no cloak)
rCorr    .         Harm     .   (no gloves)
MR       .....                  (no boots)
Stlth    ..........             (no amulet)
Regen    0.4/turn               (no ring)
MPRegen  0.1/turn               f - ring of poison resistance

@: regenerating quickly
A: fangs 3, see invisible, unbreathing
a: Renounce Religion


You were on level 3 of the Dungeon.
You worshipped Vehumet.
Vehumet was pleased with you.
You were almost alive.

You visited 1 branch of the dungeon, and saw 3 of its levels.

You collected 71 gold pieces.

Inventory:

Hand Weapons
 a - a +0 long sword (weapon)
Missiles
 d - 2 throwing nets (quivered)
Armour
 b - a +0 leather armour
 c - a +0 helmet (worn)
 g - a +1 chain mail of cold resistance (worn)
Jewellery
 f - a ring of poison resistance (left hand)
Scrolls
 j - a scroll of noise {unknown}
 k - a scroll of identify {unknown}
 m - a scroll of remove curse {unknown}
Potions
 e - a potion of brilliance {unknown}
 h - 6 potions of blood
 i - 3 potions of curing {unknown}
 l - a potion of degeneration {unknown}
 n - a potion of heal wounds {unknown}


   Skills:
 + Level 2.4 Fighting
 * Level 4.3 Long Blades
 - Level 1.5 Throwing
 + Level 4.1 Dodging


You had 3 spell levels left.
You didn't know any spells.

Dungeon Overview and Level Annotations

Branches:
Dungeon (3/15)

Altars:
Vehumet


Innate Abilities, Weirdness & Mutations

Your natural rate of healing is unusually fast.
You have razor-sharp teeth.
You have supernaturally acute eyesight. (SInv)
You can survive without breathing.


Message History

Unknown command.
Unknown command.
Found 3 scrolls labeled PUTOACV DUSU.
Unknown command.
Unknown command.
Unknown command.
Unknown command.
The orc hits you but does no damage.
Unknown command.
Yummy - fresh blood!
The orc hits you but does no damage.
Found a royal jelly.
Unknown command.
You see here 3 scrolls labeled PUTOACV DUSU.
Unknown command.
Unknown command.
The orc priest mumbles some strange prayers to Beogh against you.
Beogh smites you!
* * * LOW HITPOINT WARNING * * *
The orc hits you.
You die...

#..##oo..o..#
#..##.##)##.####
...##.##.o).o..#
##o##o#####.##.######
..o##.# ##.#...o...#
...##.. ...#...###.#
.#o.... ###....o.#o#
.#...oo. #.....o.#o#
........# ##..##@.#.#
.#......# #...%.?#.#
.#......# #......o.#
...###### #......###
###.#### #. .. ..# ##


You could see an orc priest and 2 orcs.

Vanquished Creatures
  Terence (D:2)
  3 adders
  3 oozes
  A dart slug (D:3)
  2 orcs (D:3)
  4 giant cockroaches
  5 goblins
  2 hobgoblins
  3 bats (D:2)
  5 frilled lizards
  5 kobolds
  5 rats
39 creatures vanquished.

Notes
Turn   | Place    | Note
-------+----------+-------------------------------------------
     0 | D:1      | 4thArraOfDagon the Vampire Gladiator began the quest for the Orb.
     0 | D:1      | Reached XP level 1. HP: 16/16 MP: 1/1
    73 | D:2      | Reached XP level 2. HP: 22/22 MP: 2/2
   125 | D:2      | Found a faded altar of an unknown god.
   133 | D:2      | Noticed Terence
   134 | D:2      | Became a worshipper of Vehumet
   134 | D:2      | Reached * piety under Vehumet
   134 | D:2      | Offered knowledge of Magic Dart by Vehumet.
   154 | D:2      | Killed Terence
   154 | D:2      | Reached XP level 3. HP: 21/28 MP: 3/3
   426 | D:1      | Reached XP level 4. HP: 34/34 MP: 4/4
   641 | D:1      | Offered knowledge of Freeze by Vehumet.
   698 | D:2      | Reached ** piety under Vehumet
   792 | D:3      | HP: 1/34 [orc priest/divine providence (10)]
   792 | D:3      | Slain by an orc

Vault maps used:
D:1:      eino_arrival_water_star, minmay_misc_feat_plants
D:2:      chequers_ecumenical_altar_simple, uniq_terence
D:3:      hangedman_decor_push

Skill      XL: |  1  2  3 |
---------------+----------+-----
Fighting       | 2 |  2.4
Dodging        | 4 |  4.1
Long Blades    | 4 |  4.3
Throwing       | |  1.5

Action                   |  1- 3 |  4- 6 || total
-------------------------+-------+-------++-------
Melee: Long sword        |    80 |    32 ||   112
       Bite              |     7 |     5 ||    12
Throw: Throwing net      |     1 |       ||     1
  Use: Potion            |     1 |     1 ||     2
 Stab: Sleeping          |     2 |       ||     2
       Held in net/web   |     1 |       ||     1
  Eat: Corpse            |     6 |     2 ||     8
Armor: Leather armour    |     8 |       ||     8
       Chain mail        |    32 |    27 ||    59
Dodge: Dodged            |    54 |    16 ||    70
       Rpst.: Long sword |    12 |     6 ||    18
